 Dungeon Crawl Stone Soup version 0.26.1-2-gb8aa6d0cf2 (webtiles) character file.

Game seed: 11407190492441320135

5465 nightchill the Spear-Bearer (level 10, -3/83 HPs)
             Began as a Merfolk Gladiator on Mar 16, 2021.
             Was a Priest of Nemelex Xobeh.
             Shot with an arrow by a centaur warrior (13 damage)
             ... on level 9 of the Dungeon.
             The game lasted 00:21:30 (11888 turns).

nightchill the Spear-Bearer (Merfolk Gladiator)    Turns: 11888, Time: 00:21:30

Health: -3/83      AC:  7    Str: 16    XL:     10   Next: 69%
Magic:  16/16      EV: 30    Int: 10    God:    Nemelex Xobeh [***...]
Gold:   485        SH:  0    Dex: 15    Spells: 9/9 levels left

rFire    + . .     SeeInvis .   a - +1 trident
rCold    . . .     Faith    .   (no shield)
rNeg     . . .     Spirit   .   n - +0 ring mail
rPois    +         Reflect  .   c - +1 helmet
rElec    .         Harm     .   x - scarf {shadows}
rCorr    +         Rampage  .   (no gloves)
Will     .....                  (no boots)
Stlth    ..........             r - amulet of the acrobat
HPRegen  0.23/turn              D - ring of Bulor {rPois rF+ rCorr}
MPRegen  0.15/turn              E - ring of attention (curse)

@: acrobat
A: change form in water, swift swim, stealthy swim
a: Renounce Religion, Draw Escape, Draw Destruction, Draw Summoning, Triple Draw


You were on level 9 of the Dungeon.
You worshipped Nemelex Xobeh.
Nemelex Xobeh was most pleased with you.
You visited 2 branches of the dungeon, and saw 10 of its levels.
You also visited: Sewer.

You collected 485 gold pieces.

Inventory:

Hand Weapons
 a - a +1 trident (weapon)
 y - a +0 vorpal spear
Missiles
 d - 3 throwing nets (quivered)
 j - 6 atropa-tipped darts
Armour
 b - a +0 leather armour
 c - a +1 helmet (worn)
 k - a +0 scale mail
 n - a +0 ring mail (worn)
 x - a scarf of shadows (worn)
Jewellery
 r - an amulet of the acrobat (around neck)
 u - an uncursed ring of flight
 v - a +6 ring of dexterity
 A - an uncursed amulet of reflection
 D - the ring of Bulor (left hand) {rPois rF+ rCorr}
   (You took it off a wight on level 5 of the Dungeon)

   [ring of resist corrosion]

   It protects you from fire.
   It protects you from poison.
   It provides partial protection from all sources of acid and corrosion.
 E - a cursed ring of attention (right hand)
 I - a +6 ring of intelligence {unknown}
Wands
 l - a wand of digging (1)
 s - a wand of paralysis (5)
 w - a wand of acid (6)
 F - a wand of random effects (14)
 G - a wand of flame (11)
Scrolls
 i - 4 scrolls of amnesia
 o - a scroll of teleportation
 p - 5 scrolls of magic mapping
 z - 5 scrolls of identify
 H - a scroll of remove curse {unknown}
 J - a scroll of acquirement {unknown}
Potions
 e - 2 potions of might
 f - 2 potions of haste {unknown}
 g - 4 potions of curing
 h - a potion of mutation {unknown}
 m - a potion of attraction {unknown}
 q - 2 potions of flight {unknown}
 t - a potion of degeneration {unknown}
 B - a potion of invisibility {unknown}
 C - a potion of brilliance {unknown}


   Skills:
 + Level 9.3 Fighting
 - Level 14.0 Polearms
 - Level 2.0 Throwing
 + Level 7.0 Dodging
 + Level 8.4 Invocations


You had 9 spell levels left.
You didn't know any spells.
Your spell library contained the following spells:

 Spells                   Type           Power        Failure   Level
 Freeze                   Ice            0%           58%         1
 Frozen Ramparts          Ice            0%           91%         3
 Ozocubu's Armour         Ice            0%           91%         3
 Hailstorm                Conj/Ice       0%           100%        4
 Summon Ice Beast         Ice/Summ       0%           100%        4


Dungeon Overview and Level Annotations

Branches:
Dungeon (9/15)             Temple (1/1) D:7            Lair (0/6) D:8
  Sewer (visited)
    Orc: D:9-12

Altars:
Ashenzari
Cheibriados
Elyvilon
Gozag
Nemelex Xobeh
Okawaru
Trog
Wu Jian

Annotations:
D:3 3 runed translucent doors, Sassenached's ghost, amateur HaWn
D:4 exclusion: downstairs
D:7 exclusion: 2 downstairs
D:8 Joseph


Message History

Your yaktaur dies!
Your yaktaur's corpse disappears in a puff of smoke!
The death knight shouts!
A green ugly thing comes into view.
Aiming: Corrosive Bolt
Press: ? - help, Shift-Dir - straight line, f/p - death knight
Aim: a death knight, wielding a +0 battleaxe, wearing a +0 chain mail and wearing the ring of the Mutiny {+Inv MP+9 Str+8 Dex-3} (almost dead, strong, 29% to evade)
The bolt of acid hits the death knight!
The death knight is splashed with acid.
You kill the death knight!
The centaur warrior shoots an arrow.
The arrow hits you!
* * * LOW HITPOINT WARNING * * *
Your Dodging skill increases to level 7!
An orc comes into view. It is wielding a +0 trident.
An orc priest comes into view. It is wielding a +0 whip.
The centaur warrior shoots an arrow.
The arrow hits you!
* * * LOW HITPOINT WARNING * * *
The orc warrior closely misses you.
The centaur warrior shoots an arrow.
The arrow hits you!
You die...
Your body disappears without a glow.

........##........##
........########..#
#..........# ###.##
#..<.......# ###...#
#..........####...###
#..........##...###.
#.............###...
.o.....##...###....
###@..c###((..#..
o####..##u†ZZ.#...#
o....o).B###....#
o####...)).###....#
#.#......# #...
...###...... #. #####
...... ..##.. ... ..


You could see a green ugly thing, a centaur warrior, an orc warrior, a worker
ant, an orc priest (wandering) and a leopard gecko zombie.

Vanquished Creatures
  A death knight (D:9)
  Psyche (D:8)
  4 yaks (D:9)
  Eustachio (D:6)
  A steam dragon (D:8)
  A warg (D:8)
  A necrophage (D:5)
  3 phantoms
  A black bear (D:7)
  An ice beast (D:8)
  2 sky beasts
  3 centaurs
  5 ogres
  2 bullfrogs
  4 scorpions
  3 killer bees (D:8)
  6 wights
  3 bullfrog zombies
  2 centaur skeletons
  3 jellies
  2 orc priests
  2 bullfrog skeletons
  7 hounds
  6 orc wizards
  3 iguanas
  6 worker ants
  Terence (D:2)
  A killer bee zombie (D:7)
  5 hound skeletons
  A worker ant zombie (D:9)
  8 gnolls
  17 adders
  2 shadow imps
  A white imp (D:5)
  An ufetubus (D:9)
  10 oozes (Sewer)
  3 adder skeletons
  3 dart slugs
  18 leopard geckos
  25 orcs
  30 giant cockroaches
  8 goblins
  5 hobgoblins
  6 jackals
  A quokka (D:4)
  9 ball pythons
  5 bats
  15 frilled lizards
  3 kobolds
  A leopard gecko zombie (D:5)
  A quokka skeleton (D:5)
  13 rats
267 creatures vanquished.

Vanquished Creatures (collateral kills)
  A steam dragon (D:8)
  A sky beast (D:9)
  A centaur (D:9)
  A killer bee (D:9)
  A quasit (D:9)
  An orc priest (D:9)
  An iguana (D:9)
  An orc (D:9)
  A quokka skeleton (D:9)
9 creatures vanquished.

Vanquished Creatures (others)
  An orc wizard (D:8)
1 creature vanquished.

Grand Total: 277 creatures vanquished

Notes
Turn   | Place    | Note
-------+----------+-------------------------------------------
     0 | D:1      | nightchill the Merfolk Gladiator began the quest for the
                  | Orb.
     0 | D:1      | Reached XP level 1. HP: 16/16 MP: 1/1
   154 | D:1      | Reached skill level 5 in Polearms
   154 | D:1      | Reached XP level 2. HP: 23/23 MP: 2/2
   489 | D:1      | Reached XP level 3. HP: 28/28 MP: 3/3
   875 | D:2      | Reached skill level 6 in Polearms
   963 | D:2      | Reached XP level 4. HP: 35/35 MP: 4/4
   994 | D:2      | Noticed Terence
  1011 | D:2      | Killed Terence
  1197 | D:2      | Found a sparkling altar of Nemelex Xobeh.
  1511 | D:2      | Became a worshipper of Nemelex Xobeh the Trickster
  1729 | D:3      | Found a glowing drain.
  1784 | D:3      | Reached XP level 5. HP: 34/41 MP: 5/5
  1787 | D:3      | Reached skill level 7 in Polearms
  1811 | Sewer    | Entered a sewer
  1954 | Sewer    | Reached skill level 1 in Invocations
  2200 | Sewer    | Reached XP level 6. HP: 39/48 MP: 7/7
  2437 | Sewer    | Reached skill level 8 in Polearms
  2584 | D:3      | Found an ornate altar of the Wu Jian Council.
  2815 | D:3      | Reached * piety under Nemelex Xobeh
  3084 | D:3      | Found a runed translucent gate.
  3084 | D:3      | Found a runed translucent gate.
  3084 | D:3      | Found an opulent altar of Gozag.
  3086 | D:3      | Found a runed translucent gate.
  3089 | D:3      | Noticed Sassenached's ghost (amateur HaWn)
  3638 | D:4      | Reached XP level 7. HP: 53/55 MP: 8/8
  3647 | D:4      | Received a gift from Nemelex Xobeh
  3734 | D:4      | Reached skill level 9 in Polearms
  4260 | D:4      | Reached skill level 5 in Fighting
  4846 | D:4      | Reached skill level 10 in Polearms
  4872 | D:4      | Reached XP level 8. HP: 57/63 MP: 10/10
  5433 | D:5      | Entered Level 5 of the Dungeon
  6188 | D:5      | Reached skill level 11 in Polearms
  6317 | D:5      | Found a broken altar of Ashenzari.
  6448 | D:5      | Reached ** piety under Nemelex Xobeh
  6458 | D:5      | Received a gift from Nemelex Xobeh
  6543 | D:5      | Identified the ring of Bulor {rPois rF+ rCorr}
  6834 | D:6      | Reached skill level 5 in Invocations
  6895 | D:6      | Received a gift from Nemelex Xobeh
  7294 | D:6      | Reached skill level 12 in Polearms
  7294 | D:6      | Reached XP level 9. HP: 71/71 MP: 11/13
  8143 | D:6      | Noticed Eustachio
  8148 | D:6      | Killed Eustachio
  8290 | D:7      | Found a staircase to the Ecumenical Temple.
  8456 | D:7      | Reached skill level 13 in Polearms
  9286 | D:7      | Found a snail-covered altar of Cheibriados.
  9286 | D:7      | Found a bloodstained altar of Trog.
  9286 | D:7      | Found an iron altar of Okawaru.
  9583 | D:7      | Reached *** piety under Nemelex Xobeh
  9693 | Temple   | Entered the Ecumenical Temple
  9803 | D:8      | Noticed Psyche
  9811 | D:8      | Killed Psyche
  9813 | D:8      | Noticed Maggie
  9902 | D:8      | Noticed Maggie
  9902 | D:8      | Maggie changed into Maggie the steam dragon
  9909 | D:8      | Killed Maggie the steam dragon
  9910 | D:8      | Reached skill level 14 in Polearms
  9943 | D:8      | Found the +0 staff of Battle
 10003 | D:8      | Reached XP level 10. HP: 80/80 MP: 15/15
 10462 | D:8      | Reached skill level 5 in Dodging
 10752 | D:8      | Found a staircase to the Lair.
 10790 | D:8      | Noticed Joseph
 11862 | D:9      | Identified the ring of the Mutiny {+Inv MP+9 Str+8 Dex-3}
 11862 | D:9      | Noticed a death knight
 11864 | D:9      | Noticed a centaur warrior
 11885 | D:9      | Noticed a green ugly thing
 11885 | D:9      | Killed a death knight
 11888 | D:9      | Shot with an arrow by a centaur warrior

Illustrated notes

Levels and vault maps discovered:
D:1:      dpeg_arrival_round_b, layout_rooms
D:2:      minmay_roachtagon, layout_basic, lemuel_round_altar,
          minmay_misc_feat_more_columns, uniq_terence
D:3:      layout_loops_ring, lemuel_doored_altar, ebering_ghost_gozag,
          gup_sewer_entry_glass, uniq_crazy_yiuf_cottage
D:4:      minmay_thinvault, layout_basic
D:5:      layout_rooms, nicolae_ashenzari_panopticon
D:6:      layout_basic, uniq_eustachio
D:7:      layout_basic, gammafunk_temple_overflow_claw,
          minmay_temple_entry_glass
D:8:      layout_gridville, erik_lair_orcish_takeover, uniq_joseph, uniq_maggie,
          uniq_psyche
D:9:      minmay_the_grid_four_pointed_star_mashed
          [minmay_the_grid_triangle_9x9_negative_grid,
          minmay_the_grid_triangle_9x9_alien,
          minmay_the_grid_triangle_9x9_cache,
          minmay_the_grid_triangle_9x9_intruding_spiral,
          minmay_the_grid_prize_trominoes], layout_basic, enter_bailey_4,
          minmay_pinched_square
Temple:   minmay_crystal_spiral_temple

Skill      XL: |  1  2  3  4  5  6  7  8  9 10 |
---------------+-------------------------------+-----
Polearms       | 5 6 7 8 10 12 14 | 14.0
Fighting       | 3 4 5 6 8 9 |  9.3
Invocations    | 1 2 3 5 7 8 |  8.4
Dodging        | 7 |  7.0
Throwing       | |  2.0

Action                   |  1- 3 |  4- 6 |  7- 9 | 10-12 || total
-------------------------+-------+-------+-------+-------++-------
Melee: Trident           |   120 |   388 |   442 |   215 ||  1165
       Tailslap          |       |    15 |       |       ||    15
Throw: Throwing net      |       |     1 |       |       ||     1
Invok: Draw Destruction  |       |       |     8 |     5 ||    13
       Draw Summoning    |       |       |     1 |     5 ||     6
Evoke: Wand              |       |       |       |     3 ||     3
  Use: Scroll            |       |     6 |     6 |       ||    12
       Potion            |       |       |       |     2 ||     2
 Stab: Sleeping          |     1 |       |     3 |       ||     4
       Distracted        |       |       |     1 |       ||     1
Armor: Leather armour    |    23 |     3 |       |       ||    26
       Scale mail        |       |    77 |       |       ||    77
       Ring mail         |       |    20 |    52 |    39 ||   111
Dodge: Dodged            |    63 |   208 |   172 |   102 ||   545
